 Dungeon Crawl Stone Soup version 0.23.2-40-g277498a001 (webtiles) character file.

Game seed: 8901341450813576047

369 Exodus22XD the Conjurer (level 6, 0/32 HPs)
             Began as a Deep Elf Wizard on Sept 12, 2019.
             Slain by Grinder (10 damage)
             ... on level 3 of the Dungeon.
             The game lasted 00:16:02 (3869 turns).

Exodus22XD the Conjurer (Deep Elf Wizard)           Turns: 3869, Time: 00:16:02

Health: 0/32       AC:  4    Str:  4    XL:     6   Next: 41%
Magic:  0/14       EV: 13    Int: 25    God:
Gold:   60         SH:  0    Dex: 13    Spells: 2/13 levels left

rFire    + . .     SeeInvis .   k - +0 spear (curse)
rCold    x . .     Gourm    .   (no shield)
rNeg     . . .     Faith    .   a - +0 robe
rPois    .         Spirit   .   b - +0 hat
rElec    .         Reflect  .   o - +0 cloak
rCorr    .         Harm     .   g - +0 pair of gloves
MR       .....                  (no boots)
Stlth    ++........             e - amulet of regeneration
HPRegen  0.50/turn              l - ring of fire
MPRegen  0.14/turn              (no ring)

@: no status effects
A: no striking features
a: no special abilities


You were on level 3 of the Dungeon.
You were not hungry.

You visited 1 branch of the dungeon, and saw 3 of its levels.

You collected 60 gold pieces.

Inventory:

Hand Weapons
 k - a cursed +0 spear (weapon)
 n - a +1 dagger of venom
 p - a +3 quarterstaff of chaos
Armour
 a - a +0 robe (worn)
 b - a +0 hat (worn)
 g - a +0 pair of gloves (worn)
 o - a +0 cloak (worn)
Jewellery
 e - an amulet of regeneration (around neck)
 l - a ring of fire (left hand)
Scrolls
 c - a scroll of magic mapping
 i - a scroll of fear
 m - 3 scrolls of amnesia
 r - a scroll of teleportation
 s - a scroll of enchant armour
 t - a scroll of remove curse {unknown}
Potions
 f - a potion of flight
 j - a potion of degeneration {unknown}
 q - a potion of resistance {unknown}
 u - a potion of lignification {unknown}
 v - a potion of heal wounds {unknown}
Comestibles
 d - 4 rations


   Skills:
 - Level 2.4 Dodging
 - Level 2.4 Stealth
 - Level 4.4 Spellcasting
 - Level 4.5 Conjurations
 - Level 3.4 Summonings
 - Level 1.1 Translocations
 * Level 4.3 Fire Magic


You had 2 spell levels left.
You knew the following spells:

 Your Spells              Type           Power        Failure   Level  Hunger
a - Magic Dart            Conj           ####         1%          1    None
b - Call Imp              Summ           ###.....     3%          2    None
c - Blink                 Tloc           N/A          9%          2    None
d - Conjure Flame         Conj/Fire      #####...     4%          3    ##.....
e - Mephitic Cloud        Conj/Pois/Air  ##......     14%         3    ##.....

Your spell library contained the following spells:

 Spells                   Type           Power        Failure   Level  Hunger
 Slow                     Hex            #.......     13%         2    None


Dungeon Overview and Level Annotations

Branches:
Dungeon (3/15)

Altars:
Cheibriados
Fedhas
Gozag
Makhleb
Wu Jian

Annotations:
D:3 Grinder


Message History

Casting: Magic Dart (safe; 1% risk of failure)
Confirm with . or Enter, or press ? or * to list all spells.
Aiming: Magic Dart (safe; 1% risk of failure)
Press: ? - help, Shift-Dir - straight line, f/p - Grinder
Aim: Grinder (severely wounded)
The magic dart hits Grinder.
Grinder is almost dead.
Grinder misses you.
You closely miss Grinder.
Grinder is almost dead.
Grinder hits you but does no damage.
You barely miss Grinder.
Grinder is almost dead.
Grinder hits you!
Your crimson imp blinks!
You barely miss Grinder.
Grinder is almost dead.
Grinder says, "Tell me all your secrets, or I'll kill you."
Grinder hits you!
You die...

####### ########.....###
.........###...#########**
.#.......# #..§5@5......,*
##.#####.###.#5#########,*
### #..............# ***
#.. #.######....#.## ###
#.# #5#..#.# ♣♣♣ #.# #.#
#...##.# ♣.♣♣♣ #.# #(#
##.###.# ♣._.♣♣ ♣♣.# #.#
#.# #.# ♣♣...♣♣♣♣♣..# #.#
#.# #†# ♣♣♣........#


You could see Grinder, 2 friendly crimson imps and a friendly white imp.

Vanquished Creatures
  Crazy Yiuf (D:2)
  3 orc wizards (D:3)
  5 gnolls
  10 adders
  A worm (D:2)
  4 dart slugs
  4 leopard geckos
  8 orcs (D:3)
  2 giant cockroaches
  7 hobgoblins
  7 jackals (D:1)
  3 kobolds
  2 quokkas (D:3)
  A ball python (D:2)
  8 bats
  A frilled lizard (D:2)
  5 goblins
  18 rats
90 creatures vanquished.

Vanquished Creatures (collateral kills)
  Terence (D:2)
1 creature vanquished.

Grand Total: 91 creatures vanquished

Notes
Turn   | Place    | Note
-------+----------+-------------------------------------------
     0 | D:1      | Exodus22XD the Deep Elf Wizard began the quest for the Orb.
     0 | D:1      | Reached XP level 1. HP: 10/10 MP: 7/7
   267 | D:1      | Reached XP level 2. HP: 15/15 MP: 1/9
   944 | D:1      | Reached XP level 3. HP: 19/19 MP: 7/10
  1608 | D:2      | Found a burning altar of Makhleb.
  1757 | D:2      | Reached XP level 4. HP: 24/24 MP: 2/12
  1829 | D:2      | Learned a level 2 spell: Call Imp
  1832 | D:2      | Learned a level 2 spell: Blink
  1836 | D:2      | Learned a level 3 spell: Conjure Flame
  1840 | D:2      | Learned a level 3 spell: Mephitic Cloud
  1840 | D:2      | Found an ornate altar of the Wu Jian Council.
  1843 | D:2      | Found an opulent altar of Gozag.
  2111 | D:2      | Found a faded altar of an unknown god.
  2113 | D:2      | Noticed Terence
  2145 | D:2      | Killed Terence
  2274 | D:2      | Found a runed translucent door.
  2275 | D:2      | Noticed Crazy Yiuf
  2291 | D:2      | Killed Crazy Yiuf
  2291 | D:2      | Reached XP level 5. HP: 28/28 MP: 0/13
  2774 | D:3      | Reached skill level 1 in Fire Magic
  2927 | D:3      | Found a snail-covered altar of Cheibriados.
  3162 | D:3      | Found a blossoming altar of Fedhas.
  3485 | D:3      | Reached XP level 6. HP: 32/32 MP: 7/14
  3816 | D:3      | Noticed Grinder
  3852 | D:3      | Paralysed by Grinder for 5 turns
  3869 | D:3      | Slain by Grinder

Skill      XL: |  1  2  3  4  5  6 |
---------------+-------------------+-----
Conjurations   | 2 3 4 |  4.5
Summonings     | 3 |  3.4
Fire Magic     | 3 4 |  4.3
Dodging        | |  2.4
Stealth        | |  2.4
Spellcasting   | |  4.4
Translocations | |  1.1

Action                   |  1- 3 |  4- 6 || total
-------------------------+-------+-------++-------
Melee: Spear             |     7 |    19 ||    26
 Cast: Magic Dart        |    94 |   136 ||   230
       Call Imp          |       |     5 ||     5
       Conjure Flame     |       |     4 ||     4
       Mephitic Cloud    |       |     1 ||     1
  Use: Scroll            |       |     6 ||     6
  Eat: Chunk             |     2 |     7 ||     9
Armor: Robe              |    20 |    10 ||    30
Dodge: Dodged            |    88 |    39 ||   127
